AoeStats
← TheBarkingGecko

Highland

506996971Analyzed
2v2 RM · 17d ago on Sep 16, 2026· 58m 38s· 4 players
Game mode
Random Map
Map size
Medium (4 player)
Population
200
Speed
Normal
Resources
Standard
Victory
Conquest
Starting age
Dark Age
Ending age
Imperial Age
RankedLock teamsTeams togetherTeam positionsShared explorationLock speedFull tech treeHidden civsTurbo modeCheats
Victory
Defeat
🇦🇺 Britons · Australia
837
+19
🇦🇺 Saracens · Australia
810
+20
🇲🇽 Spanish · Mexico
907
-59
🇺🇸 Sicilians · United States
898
-35
Gabos3083
8:28 Loom
13:22 Feudal Age
14:58 Double-Bit Axe
16:07 Horse Collar
18:47 Gold Mining
23:19 Man-at-Arms
26:10 Castle Age
24:50 Scale Mail Armor
26:19 Forging
26:14 Scale Barding Armor
27:09 Medium Warships
26:26 Pikeman
27:08 Squires
27:21 Stone Mining
29:25 Fletching
29:39 Padded Archer Armor
30:49 Wheelbarrow
30:04 Elite Skirmisher
33:20 Crossbowman
36:26 Bodkin Arrow
38:10 Bow Saw
38:07 Heavy Plow
42:53 Imperial Age
41:09 Husbandry
42:24 Iron Casting
42:43 Bloodlines
45:40 Chemistry
44:49 Siege Engineers
45:24 Conscription
46:11 Blast Furnace
45:31 Hand Cart
45:55 Chain Barding Armor
45:50 Leather Archer Armor
46:21 Leather Archer Armor
50:17 Town Watch
52:32 Ring Archer Armor
52:38 Plate Barding Armor
53:03 Heavy Camel Rider
55:58 Treadmill Crane
57:06 Chain Mail Armor
57:36 Gold Shaft Mining
57:33 Town Patrol
58:43 Two-Man Saw
TheBarkingGecko
0:40 Loom
12:29 Feudal Age
17:51 Double-Bit Axe
20:37 Horse Collar
21:52 Gold Mining
24:35 Forging
24:26 Scale Mail Armor
28:04 Castle Age
27:06 Stone Mining
32:08 Bow Saw
32:02 Heavy Plow
31:54 Fletching
32:40 Iron Casting
32:22 Chain Mail Armor
33:10 Squires
32:31 Pikeman
32:31 Man-at-Arms
33:59 Yeomen
34:01 Bodkin Arrow
34:48 Gambesons
41:42 Imperial Age
41:48 Halberdier
44:20 Plate Mail Armor
45:02 Blast Furnace
44:46 Bracer
46:26 Conscription
48:21 Murder Holes
48:36 Fortified Wall
49:28 Padded Archer Armor
51:45 Long Swordsman
54:42 Ballistics
brauxico
11:59 Feudal Age
10:38 Loom
12:28 Loom
12:45 Double-Bit Axe
16:44 Stone Mining
19:29 Castle Age
18:29 Horse Collar
18:40 Town Watch
19:51 Light Cavalry
21:09 Bow Saw
23:17 Wheelbarrow
23:51 Heavy Plow
23:42 Town Watch
29:42 Medium Warships
36:03 Imperial Age
33:52 Hand Cart
36:27 Capped Ram
50:10 Two-Man Saw
Esbiribi
8:35 Loom
20:28 Feudal Age
25:53 Castle Age
25:10 Scale Barding Armor
25:16 Forging
25:18 Double-Bit Axe
25:25 Gold Mining
25:27 Stone Mining
25:40 Stone Mining
25:31 Horse Collar
25:47 Fletching
27:21 Chain Barding Armor
27:37 Iron Casting
27:43 Bow Saw
30:48 Husbandry
31:00 Bloodlines
35:02 Wheelbarrow
34:12 Town Watch
34:34 Scale Mail Armor
36:18 First Crusade
36:24 Heavy Plow
37:58 Chain Mail Armor
38:12 Ballistics
37:51 Murder Holes
39:44 Bodkin Arrow
39:51 Padded Archer Armor
39:43 Light Cavalry
45:14 Imperial Age
43:01 Hand Cart
42:47 Town Patrol
43:27 Masonry
45:17 Arson
45:33 Squires
45:21 Gambesons
47:20 Plate Barding Armor
47:17 Plate Mail Armor
47:48 Blast Furnace
47:13 Conscription
47:30 Cavalier
51:03 Caravan
51:17 Capped Ram
54:45 Hauberk
56:00 Hoardings
58:24 Chemistry
57:30 Siege Engineers
Connection lost

Rejoining the realm…

Still unreachable

The connection could not be restored.

Session expired

The server has moved on; the page needs a fresh start.